 Dungeon Crawl Stone Soup version 0.21.0 (webtiles) character file.

322 bombasticus the Skirmisher (level 6, -1/39 HPs)
             Began as a Gargoyle Berserker on Jan 18, 2018.
             Was a Priest of Trog.
             Slain by a water elemental (13 damage)
             ... on level 1 of the Abyss.
             The game lasted 00:14:16 (3626 turns).

bombasticus the Skirmisher (Gargoyle Berserker)     Turns: 3626, Time: 00:14:17

Health: -1/39      AC: 16    Str: 19    XL:     6   Next: 47%
Magic:  4/4        EV:  6    Int:  7    God:    Trog [***...]
Gold:   225        SH:  0    Dex:  9    Spells: 5/5 levels left

rFire    + . .     SeeInvis .   w - +3 whip (freeze)
rCold    x . .     Gourm    .   (no shield)
rNeg     + . .     Faith    .   m - +0 plate armour
rPois    ∞         Spirit   .   l - +1 hat
rElec    +         Reflect  .   (no cloak)
rCorr    .         Harm     .   (no gloves)
MR       .....                  (no boots)
Stlth    ..........             (no amulet)
HPRegen  0.00/turn              f - ring of flight
MPRegen  0.09/turn              s - ring of fire

@: confused, engulfed
A: [blurry vision 2], [deterioration 2], [low mp 2], negative energy resistance
1, electricity resistance, [inhibited regeneration], [weak 2], unbreathing,
petrification resistance, rot immunity, [subdued magic 2], AC +4
a: Berserk, Trog's Hand, Burn Spellbooks, Renounce Religion, Evoke Flight


You were on level 1 of the Abyss.
You worshipped Trog.
Trog was most pleased with you.
You were hungry.

You visited 1 branch of the dungeon, and saw 4 of its levels.
You visited the Abyss 1 time.

You collected 225 gold pieces.

Inventory:

Hand Weapons
 a - a +0 falchion
 t - a +0 hunting sling
 u - a +0 dagger
 w - a +3 whip of freezing (weapon)
Missiles
 k - 100 stones (quivered)
Armour
 l - a +1 hat (worn)
 m - a +0 plate armour (worn)
Jewellery
 f - a ring of flight (left hand)
 s - a ring of fire (right hand)
Scrolls
 d - 6 scrolls of remove curse {unknown}
 e - 6 scrolls of teleportation {unknown}
 g - a scroll of amnesia {unknown}
 i - 4 scrolls of identify {unknown}
Potions
 h - a potion of mutation {unknown}
 j - a potion of resistance {unknown}
 o - a potion of cancellation {unknown}
 p - 2 potions of lignification {unknown}
 q - a potion of might {unknown}
 r - 2 potions of agility {unknown}
Comestibles
 c - 2 rations
 x - 4 chunks of flesh


   Skills:
 + Level 4.4 Fighting
 + Level 4.2 Long Blades
 + Level 0.3 Maces & Flails
 + Level 1.5(2.0) Slings
 + Level 1.7(2.1) Throwing
 + Level 3.2 Armour
 + Level 2.1 Dodging
 + Level 1.0 Stealth


You had 5 spell levels left.
You didn't know any spells.

Dungeon Overview and Level Annotations

Branches:
Dungeon (4/15)
 Temple: D:4-7

Altars:


Innate Abilities, Weirdness & Mutations

You are resistant to torment.
Your stone body is resilient. (AC +4)
You are immune to poison.
You resist negative energy. (rN+)
You are resistant to electric shocks. (rElec)
You can survive without breathing.
You are immune to petrification.
You are immune to rotting.
[Scrolls take you longer to read.]
[Your body often deteriorates upon taking damage.]
[Your magical capacity is very low. (-20% MP)]
[You do not regenerate when monsters are visible.]
[You are very weak. (Str -4)]
[Your spells are easier to cast, but less powerful.]


Message History

You feel weaker. x2
With effort, you pull free of the water engulfing you.
The water engulfing you falls away. The golden eye blinks at you.
You are more confused.
The golden eye blinks at you. The water elemental barely misses you.
The golden eye blinks at you.
The golden eye blinks! x2
The golden eye blinks at you. You resist with some effort.
The water elemental hits you!
The water elemental engulfs you in water!
You're too confused to move!
The golden eye turns its gaze towards you.
The golden eye blinks!
The golden eye blinks at you.
You are more confused.
The golden eye blinks at you. The water elemental hits you!
You die...

#### #..
....# ...
...## .. ..((
.## #... #..#
####
#.#x#§(##(..
#
#..#E..(.....
#*@G.G..#..#
##(......#
#(§...#(# . .
#.#G..(... .
..
#.#)...#### .
(.#...G.. .#
##
.###......#
#.. #
##.....#.. .
(.(. . ## #


You could see a wretched star, a water elemental, a small abomination and 4
golden eyes.

Vanquished Creatures
  An orc warrior (D:3)
  3 orc priests (D:3)
  4 adders (D:2)
  2 oozes (D:1)
  4 worms
  2 dart slugs
  A leopard gecko (D:1)
  3 orcs (D:3)
  4 giant cockroaches
  16 hobgoblins
  9 jackals
  2 quokkas
  5 bats
  A frilled lizard (D:1)
  7 goblins
  6 kobolds
  4 rats
74 creatures vanquished.

Notes
Turn   | Place    | Note
-------+----------+-------------------------------------------
     0 | D:1      | bombasticus the Gargoyle Berserker began the quest for the Orb.
     0 | D:1      | Reached XP level 1. HP: 14/14 MP: 1/1
   481 | D:1      | Reached XP level 2. HP: 12/19 MP: 2/2
  1226 | D:2      | Reached XP level 3. HP: 22/23 MP: 3/3
  1555 | D:2      | Reached ** piety under Trog
  1557 | D:2      | Reached XP level 4. HP: 29/29 MP: 4/4
  1973 | D:2      | Reached skill level 1 in Throwing
  2331 | D:3      | Reached XP level 5. HP: 32/33 MP: 5/5
  2861 | D:3      | Reached *** piety under Trog
  2867 | D:3      | HP: 2/49 [orc priest/nerve-wracking pain (5)]
  2874 | D:3      | Reached skill level 1 in Slings
  2874 | D:3      | Reached skill level 1 in Stealth
  2874 | D:3      | Reached XP level 6. HP: 4/38 MP: 6/6
  3406 | D:3      | Noticed an orc warrior
  3412 | D:3      | Killed an orc warrior
  3565 | D:4      | Cast into level 1 of the Abyss (gnoll)
  3579 | Abyss:1  | Noticed a golden eye
  3580 | Abyss:1  | Noticed a golden eye
  3581 | Abyss:1  | Noticed a golden eye
  3581 | Abyss:1  | Noticed a golden eye
  3582 | Abyss:1  | Noticed a golden eye
  3609 | Abyss:1  | Noticed a water elemental
  3613 | Abyss:1  | Noticed a small abomination
  3613 | Abyss:1  | Noticed a wretched star
  3626 | Abyss:1  | Slain by a water elemental

Skill      XL: |  1  2  3  4  5 |
---------------+----------------+-----
Long Blades    | 3 4 |  4.2
Fighting       | 4 |  4.4
Dodging        | 2 |  2.1
Throwing       | 1 |  1.7
Slings         | 1 |  1.5
Armour         | 3 |  3.2
Stealth        | 1 |  1.0
Maces & Flails | |  0.3

Action                   |  1- 3 |  4- 6 || total
-------------------------+-------+-------++-------
Melee: Falchion          |    76 |   120 ||   196
       Whip              |       |    14 ||    14
 Fire: Hunting sling     |       |    18 ||    18
Throw: Stone             |    30 |    72 ||   102
Invok: Berserk           |     1 |     2 ||     3
  Eat: Chunk             |     2 |     9 ||    11
Armor: Animal skin       |    18 |       ||    18
       Ring mail         |    10 |    79 ||    89
       Plate armour      |       |     4 ||     4
Dodge: Dodged            |    56 |    94 ||   150
       Rpst.: Falchion   |    12 |    25 ||    37
